 Dungeon Sprint DCSS version 0.02-122-g12e50fee3c (webtiles) character file.

Game seed: 4445835006518863184, levelgen mode: deterministic

105 lorenzova the Thaumaturge (level 4, -7/24 HPs) Deep Elf Fire Elementalist. Began on Oct 8, 2020. Drowned ... in the Dungeon (Sprint III: "The Ten Rune Challenge"). The game lasted 00:01:04 (182 turns).

lorenzova the Thaumaturge (DEFE)                     Turns: 182, Time: 00:01:04

Health: -7/24      AC:  2    Str:  5    XL:     4 ^: 46
Magic:  16/16      EV: 13    Int: 21    God:
Gold:   0          SH:  0    Dex: 15    Spells: 10/20 levels left

rFire    . . .     Vision   .   j - +6 club
rCold    . . .     Gourm    .   (no weapon)
rNeg     . . .     Faith    .   a - +0 robe
rPois    .         Spirit   .   (no helmet)
rElec    .         Reflect  .   (no cloak)
rCorr    .         Harm     .   (no gloves)
MR       .....     NoTele   +   (no boots)
Stlth    +.........             (no amulet)
HPRegen  0.18/turn              (no ring)
MPRegen  0.26/turn              (no ring)

@: very slow
A: no striking features
a: no special abilities


You were in the Dungeon.
You were not hungry.

You visited 1 branch

Inventory:

Weapons
 j - a +6 club (weapon)
Armour
 a - a +0 robe (worn)
Scrolls
 b - a scroll of fear
 i - a scroll of blinking
 k - a scroll of enchantment
Potions
 d - a potion of curing
 e - a potion of heal wounds
 f - a potion of haste
 g - 2 potions of magic
 h - a potion of berserk rage
Comestibles
 c - a ration


   Skills:
 - Level 2.4 Dodging
 - Level 2.4 Stealth
 + Level 8.9 Spellcasting
 + Level 7.7 Fire Magic


You had 10 spell levels left.
You knew the following spells:

 Your Spells              Type           Power        Failure   Level  Hunger
a - Foxfire               Fire           25 (25)      1%          1    None
b - Searing Ray           Fire           42 (50)      1%          2    None
c - Conjure Flame         Fire           42 (100)     1%          3    None
d - Sticky Flame          Fire/Pois      25 (100)     14%         4    ###....

Your spell library contained the following spells:

 Spells                   Type           Power        Failure   Level  Hunger
 Inner Flame              Hex/Fire       25 (100)     4%          3    None
 Fireball                 Fire           42 (200)     9%          5    #####..


Dungeon Overview and Level Annotations

Branches:
Dungeon (1/1)

Altars:


Message History

You start resting.
Magic restored.
Memorise Conjure Flame, consuming 3 spell levels and leaving 14?
You start memorising the spell.
You continue memorising. x3
You finish memorising.
Spell assigned to 'c'.
Memorise Sticky Flame, consuming 4 spell levels and leaving 10?
You start memorising the spell.
You continue memorising. x4
You finish memorising.
Spell assigned to 'd'.
You enter the shallow water.
Moving in this stuff is going to be slow.
You enter the shallow water.
Moving in this stuff is going to be slow.
Do you really want to walk into deep water?
Your struggles to swim create loud splashing noises!
Your struggles to swim create loud splashing noises!
Your struggles to swim create loud splashing noises!
Your struggles to swim create loud splashing noises!
Your lungs burn in need of oxygen (31)!!
Ouch! That really hurt!
You die...

▓▓▓▓ ▓▓▓▓▓▓▓▓▓ ▓<.#
+....♣♣♣ # ▓..#
#......♣ .#
▓#'####....♣.♣♣♣ .#
▓.....#....†♣♣♣♣♣.#
▓.....#...≈≈..♣♣..#
▓.....#..≈≈≈≈.♣♣♣.+
▓####'#..≈≈≈≈≈≈.♣.#
▓...[†#.≈≈@≈≈≈....#
▓.....#.≈≈≈≈≈.....#
▓.....#.≈≈≈.......#
▓'#####...........#
▓.........†.......#
▓▓▓▓▓▓▓▓▓▓▓▓▓▓▓▓▓▓▓


There were no monsters in sight!

Vanquished Creatures
  A scorpion (D)
  Jessica (D)
  A human (D)
  2 oozes (D)
  A rat (D)
6 creatures vanquished.

Vanquished Creatures (others)
  6 hellions (D)
  39 foxfires (D)
45 creatures vanquished.

Grand Total: 51 creatures vanquished

Notes
Turn   | Place    | Note
-------+----------+-------------------------------------------
     0 | D        | lorenzova the Deep Elf Fire Elementalist began the quest
                  | for the Orb.
     0 | D        | Reached XP level 1. HP: 10/10 MP: 6/6
     8 | D        | Reached skill level 4 in Spellcasting
    33 | D        | Reached XP level 2. HP: 15/15 MP: 4/9
    53 | D        | Learned a level 2 spell: Searing Ray
    60 | D        | Reached skill level 5 in Spellcasting
    61 | D        | Noticed Jessica
    65 | D        | Killed Jessica
    65 | D        | Reached skill level 6 in Spellcasting
    65 | D        | Reached skill level 5 in Fire Magic
    65 | D        | Reached XP level 3. HP: 19/19 MP: 8/13
    89 | D        | Killed a hellion
    91 | D        | Killed a hellion
    95 | D        | Reached skill level 7 in Spellcasting
   115 | D        | Killed a hellion
   115 | D        | Killed a hellion
   116 | D        | Killed a hellion
   118 | D        | Killed a hellion
   124 | D        | Noticed a scorpion
   130 | D        | Killed a scorpion
   130 | D        | Reached skill level 8 in Spellcasting
   130 | D        | Reached XP level 4. HP: 24/24 MP: 8/16
   165 | D        | Learned a level 3 spell: Conjure Flame
   170 | D        | Learned a level 4 spell: Sticky Flame
   182 | D        | Drowned

Levels and vault maps discovered:
D:        dungeon_sprint_mu [sprint_mu_entry_forest, sprint_mu_temple_rooms,
          sprint_mu_d1_spiders, sprint_mu_d2_genie, sprint_mu_d3_branching,
          sprint_mu_orc_legion, sprint_mu_elf_gauntlet, sprint_mu_hive_nellie,
          sprint_mu_lair_fedhas, sprint_mu_vaults_butterflies,
          sprint_mu_slime_circle, sprint_mu_shoals_kraken,
          sprint_mu_snake_twists, sprint_mu_blade_basic,
          sprint_mu_crypt_chambers, sprint_mu_tomb_spiral,
          sprint_mu_vestibule_basic, sprint_mu_gehenna_hellfire,
          sprint_mu_dis_giant, sprint_mu_tartarus_statrot,
          sprint_mu_cocytus_islands, sprint_mu_zot1]

Skill      XL: |  1  2  3 |
---------------+----------+-----
Spellcasting   | 4 6 8 |  8.9
Fire Magic     | 4 5 7 |  7.7
Dodging        | |  2.4
Stealth        | |  2.4

Action                   |  1- 3 |  4- 6 || total
-------------------------+-------+-------++-------
 Cast: Foxfire           |    21 |       ||    21
